[Event "ICC tourney 2501 (45 10)"]
[Site "Internet Chess Club"]
[Date "2021.04.10"]
[Round "3"]
[White "BOOKS, MUSKEE:musk6868"]
[Black "CHENG, CLAIRE:Clairehouses"]
[Result "1/2-1/2"]
[ICCResult "Game drawn by repetition"]
[WhiteElo "2039"]
[BlackElo "1766"]
[Opening "Sicilian: Najdorf, 7...Be7 main line"]
[ECO "B99"]
[NIC "SI.09"]
[Time "16:01:44"]
[PlyCount "68"]
[TimeControl "2700+10"]

1. e4 c5 2. Nf3 d6 3. d4 cxd4 4. Nxd4 Nf6 5. Nc3 a6 6. Bg5 e6 7. f4 Be7 8.
Qf3 Qc7 9. O-O-O Nbd7 10. g4 b5 11. Bxf6 Nxf6 12. g5 Nd7 13. f5 O-O 14. f6
gxf6 15. gxf6 Nxf6 16. Bd3 Kh8 17. Rhg1 Bb7 18. Qe3 Rg8 19. Nf3 b4 20. Ne2
Rac8 21. Ng5 Rg7 22. Kb1 Qa5 23. Rdf1 Ng4 24. Rxg4 Bxg5 25. Qa7 Rc7 26.
Rfg1 Bf6 27. Qb8+ Bc8 28. Bxa6 Qc5 29. Bd3 Rb7 30. Qa8 Ra7 31. Qb8 Rb7 32.
Qa8 Ra7 33. Qb8 Rb7 34. Qa8 Ra7 { Game drawn by repetition } 1/2-1/2

[Event "ICC tourney 2501 (45 10)"]
[Site "Internet Chess Club"]
[Date "2021.04.10"]
[Round "3"]
[White "REMPE, JONAS JAKOB RAZA:Drachekokosnuss"]
[Black "DENG, HENRY:SuperPuzzler"]
[Result "0-1"]
[ICCResult "White resigns"]
[WhiteElo "2100"]
[BlackElo "2072"]
[Opening "Ruy Lopez: closed, Bogolyubov variation"]
[ECO "C91"]
[NIC "RL.20"]
[Time "16:01:45"]
[PlyCount "57"]
[TimeControl "2700+10"]

1. e4 e5 2. Nf3 Nc6 3. Bb5 a6 4. Ba4 Nf6 5. O-O Be7 6. Re1 b5 7. Bb3 d6 8.
c3 O-O 9. d4 Bg4 10. Be3 exd4 11. cxd4 Na5 12. Bc2 Nc4 13. Bc1 c5 14. b3
Nb6 15. Nbd2 Nfd7 16. Bb2 Re8 17. h3 Bh5 18. Nf1 Rc8 19. g4 Bg6 20. Ng3 c4
21. Nf5 Bf8 22. e5 dxe5 23. dxe5 Qc7 24. Nd6 Bxc2 25. Qxc2 Bxd6 26. Ng5 Nf8
27. exd6 Qxd6 28. Ne4 Qg6 29. Qc3 { White resigns } 0-1

[Event "ICC tourney 2501 (45 10)"]
[Site "Internet Chess Club"]
[Date "2021.04.10"]
[Round "3"]
[White "SANE, ADWAY:adwaysane"]
[Black "JIANG, LEYOU:karuto2006"]
[Result "0-1"]
[ICCResult "White checkmated"]
[WhiteElo "1728"]
[BlackElo "1891"]
[Opening "Queen's pawn: London system"]
[ECO "A45"]
[NIC "QP.07"]
[Time "16:01:31"]
[PlyCount "116"]
[TimeControl "2700+10"]

1. d4 Nf6 2. Bf4 g6 3. Nc3 d5 4. Nf3 Bg7 5. h3 O-O 6. e3 c5 7. Be2 Nc6 8.
Ne5 Nd7 9. Nxc6 bxc6 10. O-O e5 11. dxe5 Nxe5 12. Re1 Re8 13. Bxe5 Bxe5 14.
Qd2 Rb8 15. Rab1 Bc7 16. Red1 d4 17. exd4 cxd4 18. Qxd4 Qxd4 19. Rxd4 Be5
20. Re4 Bf5 21. Re3 Bxc3 22. Rxe8+ Rxe8 23. bxc3 Rxe2 24. Rb7 Rxc2 25. Rxa7
Rxc3 26. a4 Rc1+ 27. Kh2 c5 28. a5 Ra1 29. a6 Bd3 30. Rc7 Rxa6 31. Rxc5 Kg7
32. Rc3 Bf5 33. Re3 Ra2 34. Kg3 g5 35. Re5 Kg6 36. Rb5 h5 37. Rb4 Be6 38.
Rb6 Ra4 39. Rb2 h4+ 40. Kh2 g4 41. hxg4 Rxg4 42. Rd2 Rg5 43. f3 Rd5 44. Rb2
Kg5 45. Re2 Rf5 46. Rb2 Rd5 47. Re2 Rb5 48. Rd2 Rb4 49. Rc2 Kf4 50. Re2 Rd4
51. Rf2 Ke3 52. Rb2 Rd2 53. Rb4 h3 54. Re4+ Kf2 55. Rxe6 hxg2 56. Rg6 fxg6
57. Kh3 g1=Q 58. f4 Qg3# { White checkmated } 0-1

[Event "ICC tourney 2501 (45 10)"]
[Site "Internet Chess Club"]
[Date "2021.04.10"]
[Round "3"]
[White "TRANDAFIR, STEFAN:trandaferrari"]
[Black "YAN, NATHAN:Natey"]
[Result "0-1"]
[ICCResult "White resigns"]
[WhiteElo "1982"]
[BlackElo "1889"]
[Opening "Ruy Lopez: Anderssen variation"]
[ECO "C77"]
[NIC "RL.12"]
[Time "16:01:55"]
[PlyCount "64"]
[TimeControl "2700+10"]

1. e4 e5 2. Nf3 Nc6 3. Bb5 a6 4. Ba4 Nf6 5. d3 b5 6. Bb3 Bc5 7. O-O O-O 8.
Bg5 h6 9. Bh4 d6 10. Bd5 Bb7 11. c3 Rb8 12. d4 Bb6 13. Re1 Re8 14. a4 g5
15. Bg3 exd4 16. axb5 axb5 17. Na3 dxc3 18. bxc3 Ne5 19. h4 Nxd5 20. exd5
Qf6 21. Bxe5 dxe5 22. hxg5 hxg5 23. Nxb5 g4 24. Re4 gxf3 25. Rg4+ Kf8 26.
gxf3 Ke7 27. d6+ cxd6 28. f4 Rg8 29. Ra4 Rxg4+ 30. Qxg4 Bc6 31. Rb4 Bxb5
32. Re4 Qg6 { White resigns } 0-1

[Event "ICC tourney 2501 (45 10)"]
[Site "Internet Chess Club"]
[Date "2021.04.10"]
[Round "3"]
[White "POWER, SEAN K:KnightHopper"]
[Black "ZHANG, MULAN JIEMIN:Mulan2009"]
[Result "1-0"]
[ICCResult "Black resigns"]
[WhiteElo "2009"]
[BlackElo "1667"]
[Opening "French: Winawer, advance, Rauzer variation"]
[ECO "C17"]
[NIC "FR.10"]
[Time "16:01:53"]
[PlyCount "57"]
[TimeControl "2700+10"]

1. e4 e6 2. d4 d5 3. Nc3 Bb4 4. e5 c5 5. a3 cxd4 6. axb4 dxc3 7. Nf3 Ne7 8.
Bd3 Qc7 9. O-O Ng6 10. Re1 O-O 11. Qe2 b6 12. g3 Bb7 13. Nd4 a6 14. h4 Nc6
15. bxc3 Ncxe5 16. Bxg6 Nxg6 17. h5 Ne7 18. Qg4 Kh8 19. Bf4 Qd7 20. Be5 f6
21. Nxe6 Nc6 22. h6 g6 23. Bd4 Nd8 24. Re3 Bc8 25. Bxf6+ Rxf6 26. Qd4 Nxe6
27. Qxf6+ Kg8 28. Rxe6 Qf7 29. Re8+ { Black resigns } 1-0

[Event "ICC tourney 2501 (45 10)"]
[Site "Internet Chess Club"]
[Date "2021.04.10"]
[Round "3"]
[White "JIANG, BRANDON:BranKing"]
[Black "Wang, Eigen:eigenator"]
[Result "0-1"]
[ICCResult "White resigns"]
[WhiteElo "2044"]
[BlackElo "2357"]
[Opening "French: Winawer (Nimzovich) variation"]
[ECO "C15"]
[NIC "FR.08"]
[Time "16:01:46"]
[PlyCount "48"]
[TimeControl "2700+10"]

1. e4 e6 2. d4 d5 3. Nc3 Bb4 4. exd5 exd5 5. Bd3 c6 6. Ne2 Ne7 7. Ng3 Nd7
8. O-O O-O 9. Nce2 Re8 10. Nf4 Nf6 11. Nfh5 Ng6 12. Bg5 Be7 13. Re1 Be6 14.
f4 Nxh5 15. Bxe7 Qxe7 16. Qxh5 Qb4 17. Ne2 Bd7 18. f5 Nf4 19. Qg4 Nxe2+ 20.
Bxe2 Re4 21. Qg5 Qxd4+ 22. Kh1 Rae8 23. Rf1 f6 24. Qh5 Rxe2 { White resigns
} 0-1

[Event "ICC tourney 2501 (45 10)"]
[Site "Internet Chess Club"]
[Date "2021.04.10"]
[Round "3"]
[White "SRINIVASAN, HEMANT:Blixiron"]
[Black "Reiss, Aiden:Aidenrchess"]
[Result "1-0"]
[ICCResult "Black checkmated"]
[WhiteElo "2073"]
[BlackElo "1853"]
[Opening "Nimzo-Indian: Fischer variation"]
[ECO "E43"]
[NIC "NI.12"]
[Time "16:01:31"]
[PlyCount "125"]
[TimeControl "2700+10"]

1. d4 Nf6 2. c4 e6 3. Nc3 Bb4 4. e3 b6 5. Bd3 Bb7 6. Nf3 O-O 7. Qc2 d6 8.
e4 Nbd7 9. Bg5 h6 10. Bh4 e5 11. d5 Nc5 12. Nd2 a5 13. O-O c6 14. Nb3 Nxd3
15. Qxd3 a4 16. Nd2 Bc5 17. a3 g5 18. Bg3 cxd5 19. exd5 Nh5 20. Nde4 f5 21.
Nxc5 bxc5 22. f3 Nxg3 23. hxg3 h5 24. g4 Bc8 25. gxh5 Qf6 26. g4 Ra7 27.
Qc2 Raf7 28. Qg2 e4 29. fxe4 f4 30. Rad1 f3 31. Qg3 Qf4 32. Kf2 Bxg4 33.
Rg1 Qxg3+ 34. Rxg3 Rf4 35. Rdg1 Rb8 36. Nxa4 Bd7 37. Rxg5+ Kh8 38. Rg6 Rf7
39. Rh6+ Rh7 40. Rxh7+ Kxh7 41. Nc3 Rxb2+ 42. Kxf3 Rb3 43. Rc1 Rxa3 44. Kf4
Ra8 45. Rb1 Rf8+ 46. Kg5 Rg8+ 47. Kf6 Rg7 48. Rb6 Rg3 49. Rb7 Rxc3 50.
Rxd7+ Kh6 51. Rxd6 Rxc4 52. e5 Kxh5 53. e6 Rf4+ 54. Ke5 Rf8 55. e7 Re8 56.
Ke6 Kg6 57. Rd8 c4 58. Rxe8 c3 59. Rc8 c2 60. Rxc2 Kg7 61. e8=Q Kh7 62.
Rh2+ Kg7 63. Qf7# { Black checkmated } 1-0

[Event "ICC tourney 2501 (45 10)"]
[Site "Internet Chess Club"]
[Date "2021.04.10"]
[Round "3"]
[White "AIGNER, MICHAEL:f5"]
[Black "XUE, JERRY Q:JQX2019"]
[Result "1-0"]
[ICCResult "Black resigns"]
[WhiteElo "2203"]
[BlackElo "1943"]
[Opening "Sicilian: closed, 6.f4"]
[ECO "B25"]
[NIC "SI.45"]
[Time "16:01:37"]
[PlyCount "97"]
[TimeControl "2700+10"]

1. e4 c5 2. Nc3 d6 3. g3 g6 4. Bg2 Nc6 5. d3 Bg7 6. f4 e6 7. Nf3 Nge7 8.
O-O Rb8 9. Be3 b6 10. d4 O-O 11. Bf2 Bb7 12. Re1 a6 13. a4 Qc7 14. Ne2 Na5
15. Nd2 d5 16. e5 Rbc8 17. c3 c4 18. g4 Ra8 19. Ng3 Bc8 20. Be3 Bd7 21. Rf1
f5 22. exf6 Rxf6 23. Qc2 Qd6 24. Ra2 Rff8 25. Nf3 Nac6 26. Raa1 b5 27. axb5
axb5 28. Rxa8 Rxa8 29. Ne5 b4 30. h4 bxc3 31. bxc3 Nxe5 32. fxe5 Qa6 33.
Bg5 Nc6 34. h5 Qa2 35. Qc1 Rb8 36. hxg6 hxg6 37. Bf6 Rb2 38. Bf3 Be8 39.
Bxg7 Kxg7 40. Qg5 Bf7 41. Bxd5 Qa7 42. Bxc6 Rc2 43. Nh5+ Kh7 44. Nf6+ Kg7
45. Nd7 Rxc3 46. Qf6+ Kh6 47. Qf4+ g5 48. Qf6+ Bg6 49. Qh8+ { Black resigns
} 1-0

[Event "ICC tourney 2501 (45 10)"]
[Site "Internet Chess Club"]
[Date "2021.04.10"]
[Round "3"]
[White "CHEN, RYO WENYU:e4f5"]
[Black "YERRAJENNU, SISIRA S:ybabji"]
[Result "1-0"]
[ICCResult "Black checkmated"]
[WhiteElo "2301"]
[BlackElo "1931"]
[Opening "Philidor: Improved Hanham variation"]
[ECO "B07"]
[NIC "PU.08"]
[Time "16:01:39"]
[PlyCount "121"]
[TimeControl "2700+10"]

1. e4 d6 2. d4 Nf6 3. Nc3 e5 4. Nf3 Nbd7 5. Bc4 Be7 6. O-O O-O 7. Re1 a6 8.
a4 exd4 9. Nxd4 Ne5 10. Be2 Bd7 11. Bf4 h6 12. Nf3 Ng6 13. Bg3 Nh5 14. Nd5
Re8 15. Qd3 Nf6 16. Nc3 b6 17. Rad1 Nh5 18. Nd5 Bf6 19. b3 Nxg3 20. hxg3
Ne5 21. Nxe5 Bxe5 22. f4 Bf6 23. Bf3 Be7 24. Nxe7+ Rxe7 25. e5 Rc8 26. exd6
Rxe1+ 27. Rxe1 cxd6 28. Qxd6 Bf5 29. Qxd8+ Rxd8 30. c4 Bc2 31. Re3 g6 32.
Kf2 a5 33. Bd5 Kf8 34. Rc3 Bf5 35. Ke3 Rd6 36. Kd4 Rd7 37. Re3 Be6 38. Re5
Ke7 39. Kc3 Rc7 40. Bxe6 fxe6 41. Rb5 Rc6 42. c5 Rxc5+ 43. Rxc5 bxc5 44.
Kc4 Kd6 45. Kb5 g5 46. Kxa5 gxf4 47. gxf4 h5 48. Kb5 Kd5 49. a5 e5 50. fxe5
Kxe5 51. a6 Kf4 52. a7 Kg3 53. a8=Q h4 54. Qf3+ Kh2 55. Qh3+ Kg1 56. Qxh4
Kf1 57. Kxc5 Ke2 58. Kd4 Kd2 59. Qf2+ Kd1 60. Kd3 Kc1 61. Qc2# { Black
checkmated } 1-0

[Event "ICC tourney 2501 (45 10)"]
[Site "Internet Chess Club"]
[Date "2021.04.10"]
[Round "3"]
[White "Massick, Laine:Laine23"]
[Black "EHSANI, YASSAMIN:Blue-Elephant1"]
[Result "1-0"]
[ICCResult "Black resigns"]
[WhiteElo "1967"]
[BlackElo "2120"]
[Opening "Sicilian: Kan, 5.Nc3"]
[ECO "B43"]
[NIC "SI.41"]
[Time "16:01:38"]
[PlyCount "77"]
[TimeControl "2700+10"]

1. e4 c5 2. Nf3 e6 3. d4 cxd4 4. Nxd4 a6 5. Nc3 Qc7 6. a3 Nf6 7. Be2 b5 8.
O-O Bb7 9. Qd3 d6 10. f4 Nbd7 11. Bf3 Be7 12. Bd2 O-O 13. Rae1 Rfd8 14. g4
Ne5 15. Qe2 Qc4 16. Nb3 Nxf3+ 17. Qxf3 d5 18. e5 Ne4 19. Be3 Nxc3 20. bxc3
Qxc3 21. f5 Bh4 22. fxe6 fxe6 23. Qf7+ Kh8 24. Re2 d4 25. Bh6 gxh6 26. Qxb7
Rf8 27. Rf7 Rxf7 28. Qxa8+ Kg7 29. Qe4 Qb2 30. Kg2 d3 31. Qxd3 Qxa3 32. Qd6
Qa2 33. Nd4 Re7 34. Kh3 Bg5 35. Rf2 Qc4 36. Kg3 Qc3+ 37. Rf3 Qe1+ 38. Kg2
Qd2+ 39. Rf2 { Black resigns } 1-0

[Event "ICC tourney 2501 (45 10)"]
[Site "Internet Chess Club"]
[Date "2021.04.10"]
[Round "3"]
[White "SLADE, THEODORE LUKE:MrNormalName"]
[Black "HEBDEN, MARK L:mhebden"]
[Result "0-1"]
[ICCResult "White resigns"]
[WhiteElo "2163"]
[BlackElo "2503"]
[Opening "King's Indian: Gligoric-Taimanov system"]
[ECO "E92"]
[NIC "KI.18"]
[Time "16:02:12"]
[PlyCount "122"]
[TimeControl "2700+10"]

1. d4 Nf6 2. c4 g6 3. Nc3 Bg7 4. e4 d6 5. Nf3 O-O 6. Be2 e5 7. Be3 c6 8. d5
Na6 9. O-O Ng4 10. Bg5 f6 11. Bc1 Qe7 12. Ne1 f5 13. exf5 gxf5 14. Bxg4
fxg4 15. dxc6 bxc6 16. Ne4 Be6 17. Bg5 Qc7 18. Nxd6 Rad8 19. Bxd8 Rxd8 20.
Nc2 Rxd6 21. Qe2 Qf7 22. Ne3 Rd4 23. Rad1 h5 24. b3 Nc5 25. Nc2 Rf4 26.
Rd8+ Kh7 27. Ne3 e4 28. Nc2 Qe7 29. Rd2 a5 30. Nd4 Bd7 31. Nc2 Bc3 32. Rdd1
Be5 33. Qd2 Bc7 34. Qe3 Rf7 35. Rfe1 Qe5 36. Qg3 Qxg3 37. hxg3 Be5 38. Nd4
Kg6 39. Nc2 Bf5 40. Nd4 Rf6 41. Nxf5 Kxf5 42. Rd8 Rd6 43. Rxd6 Bxd6 44. Kf1
Nd3 45. Rd1 Bc5 46. f3 Nf2 47. fxe4+ Nxe4 48. Rd8 Nxg3+ 49. Ke1 h4 50. Rh8
Kg5 51. Kd2 Nf5 52. Re8 Kf4 53. Kd3 Kg3 54. Re5 Kxg2 55. Rxf5 h3 56. Rxc5
h2 57. Rg5 g3 58. Rh5 h1=Q 59. Rxh1 Kxh1 60. b4 g2 61. bxa5 g1=Q { White
resigns } 0-1

[Event "ICC tourney 2501 (45 10)"]
[Site "Internet Chess Club"]
[Date "2021.04.10"]
[Round "3"]
[White "YE, LUKE SICONG:lukeye"]
[Black "PULLELA, SRICHARAN:Sricharan07"]
[Result "1-0"]
[ICCResult "Black resigns"]
[WhiteElo "2067"]
[BlackElo "1853"]
[Opening "French: Winawer, advance, poisoned pawn, Konstantinopolsky variation"]
[ECO "C18"]
[NIC "FR.11"]
[Time "16:01:42"]
[PlyCount "83"]
[TimeControl "2700+10"]

1. e4 e6 2. d4 d5 3. Nc3 Bb4 4. e5 c5 5. a3 Bxc3+ 6. bxc3 Ne7 7. Qg4 Qc7 8.
Qxg7 Rg8 9. Qxh7 cxd4 10. Ne2 dxc3 11. f4 Nbc6 12. Qd3 d4 13. Nxd4 Nxd4 14.
Qxd4 Bd7 15. Qf2 Qc6 16. Rg1 Nf5 17. Bd3 Qd5 18. Be3 Bc6 19. g4 Nxe3 20.
Qxe3 Rh8 21. h3 a6 22. Kf2 O-O-O 23. Rad1 Qa5 24. g5 Qa4 25. Kg3 Rd7 26.
Qc5 Rhd8 27. Qxc3 Rd4 28. Be2 Rxf4 29. Rxd8+ Kxd8 30. Rd1+ Bd5 31. Qd2 Re4
32. c4 Rxc4 33. Bxc4 Qxc4 34. Rc1 Qb3+ 35. Qc3 Qxc3+ 36. Rxc3 Ke7 37. Kf4
b5 38. Rc7+ Kf8 39. Ra7 Bg2 40. h4 Bf1 41. Rxa6 b4 42. Ra8+ { Black resigns
} 1-0

[Event "ICC tourney 2501 (45 10)"]
[Site "Internet Chess Club"]
[Date "2021.04.10"]
[Round "3"]
[White "SAMANT, NEIL:checkninja"]
[Black "SHARMA, VISHRUTH:VishyNo1"]
[Result "1-0"]
[ICCResult "Black resigns"]
[WhiteElo "1991"]
[BlackElo "2081"]
[Opening "Two knights defense (Modern bishop's opening)"]
[ECO "C55"]
[NIC "IG.01"]
[Time "16:02:05"]
[PlyCount "123"]
[TimeControl "2700+10"]

1. e4 e5 2. Nf3 Nc6 3. Bc4 Nf6 4. d3 Be7 5. O-O O-O 6. c3 d6 7. h3 Kh8 8.
Re1 Ng8 9. d4 Bf6 10. Be3 g6 11. Nbd2 Bg7 12. dxe5 dxe5 13. Bc5 Nge7 14.
Qb3 b6 15. Ba3 Na5 16. Qc2 Nxc4 17. Nxc4 f6 18. Rad1 Qe8 19. Ne3 c5 20. b4
Bd7 21. Rd2 Rc8 22. Qb3 c4 23. Nxc4 Be6 24. Nd6 Bxb3 25. Nxe8 Rfxe8 26.
axb3 Rxc3 27. b5 Bf8 28. Rb1 Nc8 29. Bxf8 Rxf8 30. Rd7 Kg8 31. Rbd1 Rf7 32.
Rd8+ Kg7 33. R1d7 Rc1+ 34. Kh2 Rc7 35. Rd3 Ne7 36. Nd2 a6 37. Nc4 axb5 38.
Nd6 Rf8 39. Ne8+ Rxe8 40. Rxe8 Nc6 41. Rd6 Nd4 42. Rxb6 Rc3 43. Rb7+ Kh6
44. Rh8 Rxb3 45. Rhxh7+ Kg5 46. h4+ Kf4 47. Rhg7 Kxe4 48. Rxg6 f5 49. Rg3
Rb2 50. h5 f4 51. Rg6 Rxf2 52. h6 Nf3+ 53. Kh3 Kf5 54. Rbg7 Ng1+ 55. Kh4
Nf3+ 56. Kh3 Ng1+ 57. Kh4 Nf3+ 58. Kh5 Rf1 59. Rf7+ Ke4 60. gxf3+ Kxf3 61.
h7 e4 62. Rxf4+ { Black resigns } 1-0

[Event "ICC tourney 2501 (45 10)"]
[Site "Internet Chess Club"]
[Date "2021.04.10"]
[Round "3"]
[White "KERR, JOSHUA MORGAN:AbleCompany"]
[Black "KIRYUKHIN, ARTEM:Feugon"]
[Result "0-1"]
[ICCResult "White resigns"]
[WhiteElo "1568"]
[BlackElo "1988"]
[Opening "Dutch defense"]
[ECO "A90"]
[NIC "HD.03"]
[Time "16:01:44"]
[PlyCount "88"]
[TimeControl "2700+10"]

1. d4 f5 2. g3 Nf6 3. Bg2 e6 4. c4 c6 5. Nh3 d5 6. O-O Bd6 7. Bf4 O-O 8.
cxd5 exd5 9. Nc3 Na6 10. a3 Nc7 11. Bxd6 Qxd6 12. Nf4 Ne6 13. Nxe6 Bxe6 14.
b4 f4 15. b5 fxg3 16. hxg3 Bg4 17. bxc6 bxc6 18. Qd3 Rae8 19. e4 dxe4 20.
Nxe4 Nxe4 21. Bxe4 Rxe4 22. Qxe4 Bf3 23. Qe3 Qg6 24. Qe7 Qf5 25. Qh4 Rf6
26. Rfe1 g5 27. Qh2 h5 28. Re8+ Kg7 29. Rae1 Qg4 30. R1e7+ Rf7 31. Rxf7+
Kxf7 32. Re1 h4 33. Kf1 h3 34. Re3 Bg2+ 35. Ke1 Qxd4 36. g4 Qf4 37. Rxh3
Qc1+ 38. Ke2 Bf1+ 39. Kf3 Qxa3+ 40. Ke4 Bxh3 41. Qc7+ Qe7+ 42. Qxe7+ Kxe7
43. Kf5 a5 44. Kxg5 a4 { White resigns } 0-1

[Event "ICC tourney 2501 (45 10)"]
[Site "Internet Chess Club"]
[Date "2021.04.10"]
[Round "3"]
[White "ZENG, ELBERT:investigator"]
[Black "LIN, LEO FANYUE:Leolix"]
[Result "0-1"]
[ICCResult "White resigns"]
[WhiteElo "2123"]
[BlackElo "2027"]
[Opening "Réti opening"]
[ECO "A11"]
[NIC "RE.07"]
[Time "16:01:35"]
[PlyCount "76"]
[TimeControl "2700+10"]

1. Nf3 d5 2. c4 c6 3. g3 Nf6 4. Bg2 e6 5. d4 Nbd7 6. O-O Bd6 7. Qc2 O-O 8.
Nbd2 Qe7 9. e4 dxe4 10. Nxe4 Nxe4 11. Qxe4 Nf6 12. Qe2 b6 13. Ne5 Bb7 14.
Nxc6 Qc7 15. Ne5 Bxg2 16. Kxg2 Rfd8 17. Bg5 Be7 18. Rfd1 h6 19. Bf4 Bd6 20.
Rac1 Rac8 21. h4 Nd7 22. Nd3 Bxf4 23. Nxf4 Nf6 24. b3 Rd7 25. Qf3 Rcd8 26.
d5 exd5 27. cxd5 Qb7 28. Rc6 Rd6 29. Rxd6 Rxd6 30. g4 Qd7 31. Kg3 g6 32. g5
hxg5 33. hxg5 Nh7 34. Qg4 Qd8 35. Rc1 Qxg5 36. Rc6 Qe5 37. Kg2 Nf6 38. Rxd6
Nxg4 { White resigns } 0-1

[Event "ICC tourney 2501 (45 10)"]
[Site "Internet Chess Club"]
[Date "2021.04.10"]
[Round "3"]
[White "Minero Pineda, Sergio:SuperBueno"]
[Black "JIANG, LUCAS:xx99754539"]
[Result "1/2-1/2"]
[ICCResult "Game drawn by repetition"]
[WhiteElo "2490"]
[BlackElo "1908"]
[Opening "Grünfeld: Grünfeld gambit, Capablanca variation"]
[ECO "D83"]
[NIC "GI.03"]
[Time "16:01:51"]
[PlyCount "73"]
[TimeControl "2700+10"]

1. d4 Nf6 2. c4 g6 3. Nc3 d5 4. Bf4 Bg7 5. e3 O-O 6. Rc1 c5 7. dxc5 Qa5 8.
cxd5 Rd8 9. Bc4 Nbd7 10. Ne2 Nxc5 11. O-O Nce4 12. Nb5 Ne8 13. Nbd4 Nd2 14.
Nb3 Nxb3 15. Qxb3 Nd6 16. Rfd1 Bd7 17. h3 Ba4 18. Qa3 Bxb2 19. Qxb2 Nxc4
20. Rxc4 Bxd1 21. Nc3 Rd7 22. Qc1 b5 23. Rc5 Ba4 24. Ne4 Qb4 25. f3 Rad8
26. Bh6 f6 27. d6 Kf7 28. Rc7 Rxd6 29. Nxd6+ Rxd6 30. Kh2 Rd1 31. Qc6 Qe1
32. Rc8 Qh1+ 33. Kg3 Qe1+ 34. Kh2 Qh1+ 35. Kg3 Qe1+ 36. Kh2 Qh1+ 37. Kg3 {
Game drawn by repetition } 1/2-1/2

[Event "ICC tourney 2501 (45 10)"]
[Site "Internet Chess Club"]
[Date "2021.04.10"]
[Round "3"]
[White "FANG, JADEN:SaltyCarrot777"]
[Black "BELOUS, VLADIMIR:Openyagami"]
[Result "1/2-1/2"]
[ICCResult "Game drawn by the 50 move rule"]
[WhiteElo "2009"]
[BlackElo "2614"]
[Opening "Sicilian: Alapin's variation (2.c3)"]
[ECO "B22"]
[NIC "SI.47"]
[Time "16:01:36"]
[PlyCount "356"]
[TimeControl "2700+10"]

1. e4 c5 2. c3 Nf6 3. e5 Nd5 4. d4 cxd4 5. Nf3 Nc6 6. cxd4 d6 7. Bc4 dxe5
8. dxe5 Ndb4 9. Qb3 e6 10. O-O Bd7 11. Bg5 Qc7 12. Qc3 h6 13. Bf4 g5 14.
Bg3 g4 15. Nfd2 Bg7 16. Re1 Nd5 17. Bxd5 exd5 18. Qc5 Be6 19. Nc3 O-O-O 20.
Nb5 Qb6 21. Qxb6 axb6 22. Nd6+ Kd7 23. f4 gxf3 24. Nxf3 Ra8 25. a3 Ra4 26.
b3 Rg4 27. Nxb7 h5 28. Bf2 Rg8 29. Bxb6 Rb8 30. Nc5+ Kc8 31. Nxe6 fxe6 32.
Bf2 Rxb3 33. Kf1 Kd7 34. a4 Bf8 35. Re3 Rb2 36. Re2 Rxe2 37. Kxe2 Rxg2 38.
Kf1 Rg8 39. a5 Bb4 40. a6 Ra8 41. a7 Ba5 42. Kg2 Bc7 43. Bg3 Rxa7 44. Rxa7
Nxa7 45. Kh3 Bd8 46. Bh4 Ba5 47. Bf2 Nc6 48. Kh4 Bc3 49. Bg3 d4 50. Kxh5 d3
51. Bf4 Nd4 52. Nxd4 Bxd4 53. Bd2 Bxe5 54. Kg4 Kd6 55. Kf3 Kd5 56. h4 Bf6
57. h5 e5 58. h6 e4+ 59. Kf4 Be5+ 60. Kf5 Bd4 61. Kf4 Bh8 62. h7 Bg7 63.
Kf5 Be5 64. Bf4 Bc3 65. Be3 Bh8 66. Kf4 Be5+ 67. Kf5 Bg7 68. Bd2 Kd4 69.
Kf4 Bh8 70. Be3+ Kd5 71. Bd2 Ba1 72. Be3 Bc3 73. Kf5 Bb2 74. Kf4 Ba1 75.
Kf5 Bc3 76. Kf4 d2 77. h8=Q Bxh8 78. Bxd2 Kd4 79. Kf5 Kd3 80. Kf4 Bd4 81.
Bc1 Bc3 82. Kf5 Be1 83. Kf4 Bf2 84. Kf5 Be3 85. Ba3 Bd2 86. Bc5 Bc3 87. Kf4
Bd4 88. Bb4 e3 89. Kf3 e2 90. Ba5 Be3 91. Be1 Bd2 92. Bh4 Bb4 93. Bg3 Kd2
94. Bh4 Kd1 95. Ke4 Kd2 96. Kf3 Bc3 97. Ke4 Ba5 98. Kf3 Kd3 99. Kf4 Bd8
100. Be1 Bf6 101. Kf3 Bg5 102. Bf2 Bf6 103. Be1 Be5 104. Bf2 Bc3 105. Bh4
Ba5 106. Bf2 Kd2 107. Ke4 Kc2 108. Kf3 Kd1 109. Ke4 Be1 110. Bc5 Ba5 111.
Bf2 Bb6 112. Bh4 Kd2 113. Kf3 Bc7 114. Bf2 Bh2 115. Bh4 Kd3 116. Be1 Bc7
117. Bf2 Kd2 118. Bh4 Ba5 119. Bf2 Kd1 120. Ke4 Be1 121. Bc5 Bg3 122. Bb4
Bd6 123. Ba5 Be7 124. Kd3 Bd8 125. Bb4 Bh4 126. Ke4 Be1 127. Bc5 Bg3 128.
Bb4 Bd6 129. Ba5 Bc5 130. Kd3 Ba3 131. Ke4 Bc1 132. Kd3 Bf4 133. Bb4 Bc7
134. Ke4 Bg3 135. Ba5 Be1 136. Bb6 Bh4 137. Ba5 Bg5 138. Kd3 Bc1 139. Bb4
Ba3 140. Ba5 Bc5 141. Ke4 Kc2 142. Kf3 Kd3 143. Be1 Be3 144. Bh4 Kd2 145.
Bg3 Bg5 146. Ke4 Be3 147. Kf3 Bb6 148. Ke4 Ba5 149. Kf3 Kd1 150. Ke4 Bb4
151. Bh4 Bd2 152. Bf2 Be1 153. Bc5 Bc3 154. Bf2 Kd2 155. Kf3 Bd4 156. Bh4
Bf6 157. Bf2 Be7 158. Ke4 Kd1 159. Bg3 Bd6 160. Bh4 Bh2 161. Bf2 Bg1 162.
Bh4 Bc5 163. Bg3 Bb4 164. Bf2 Be1 165. Bc5 Bh4 166. Bb4 Be7 167. Ba5 Bf6
168. Bb4 Kc2 169. Be1 Bg5 170. Kf3 Kd1 171. Bf2 Bd2 172. Ke4 Be1 173. Bc5
Bg3 174. Bb4 Bc7 175. Kd3 Bd8 176. Ke4 Bh4 177. Ba5 Kc2 178. Bb4 Bg5 { Game
drawn by the 50 move rule } 1/2-1/2

[Event "ICC tourney 2501 (45 10)"]
[Site "Internet Chess Club"]
[Date "2021.04.10"]
[Round "3"]
[White "YANG, ANDY:lemonoosa"]
[Black "Clasby, Derek:wolverine54"]
[Result "0-1"]
[ICCResult "White resigns"]
[WhiteElo "2080"]
[BlackElo "2312"]
[Opening "Queen's pawn: London system"]
[ECO "A45"]
[NIC "QP.07"]
[Time "16:01:39"]
[PlyCount "154"]
[TimeControl "2700+10"]

1. d4 Nf6 2. Bf4 b6 3. e3 Bb7 4. Nf3 g6 5. Nbd2 Bg7 6. Bd3 d5 7. h3 O-O 8.
O-O c5 9. c3 Ne4 10. Qe2 f5 11. Ne5 Nxd2 12. Qxd2 Nd7 13. Nxd7 Qxd7 14.
Rfe1 Rfe8 15. Be5 Bxe5 16. dxe5 e6 17. a4 Bc6 18. Bc2 a5 19. f4 g5 20. Qf2
Qg7 21. fxg5 Qxe5 22. Qf4 Qg7 23. Rad1 Rad8 24. Kh2 Rf8 25. h4 e5 26. Qg3
e4 27. Rf1 h6 28. gxh6 Qxg3+ 29. Kxg3 Kh7 30. Kh2 Kxh6 31. Rf4 Kg7 32. Rdf1
Bd7 33. Bd1 b5 34. g4 bxa4 35. gxf5 Kf6 36. h5 Rb8 37. R1f2 Rb6 38. Rg2 Ke5
39. Rgf2 Rfb8 40. f6 Rxb2 41. f7 Rxf2+ 42. Rxf2 Rf8 43. h6 Bf5 44. Bh5 a3
45. Ra2 Kf6 46. Rxa3 Kg5 47. Be2 Rxf7 48. Rxa5 Rc7 49. Kg3 Kxh6 50. Kf4 Bh7
51. Ke5 Bg8 52. Kd6 Rg7 53. Kxc5 Rg2 54. Bb5 Rd2 55. Ra8 Bf7 56. Rd8 Kg5
57. Bc6 Kg4 58. Bxd5 Bxd5 59. Rxd5 Rd3 60. Kc4 Rxe3 61. Kd4 Re1 62. c4 Kf4
63. Kc3 Rc1+ 64. Kd2 Rxc4 65. Ke2 Rc2+ 66. Kd1 Rh2 67. Rd8 Ra2 68. Rf8+ Ke3
69. Rb8 Ra1+ 70. Kc2 Ke2 71. Rh8 e3 72. Rh2+ Kf3 73. Rh3+ Kf2 74. Rh2+ Kg3
75. Rh8 e2 76. Rg8+ Kf4 77. Rf8+ Kg5 { White resigns } 0-1